IL
FRESNO GRIZZLIES @ TACOMA RAINIERS
09/17/2044
 
TOP OF THE 1ST
Fresno Grizzlies batting - Pitching for Tacoma Rainiers : LHP Alex Villagran
Pitching: LHP Alex Villagran
Batting: RHB Dave Glenn 0-0: Ball
1-0: Called Strike
1-1: Ground out 1-3 (Groundball, 34S, EV 62.5 MPH)
Batting: LHB Mike Davis 0-0: Ground out 5-3 (Groundball, 56S, EV 77.5 MPH)
Batting: SHB Troy Kenyon 0-0: Ball
1-0: Ball
2-0: SINGLE (Line Drive, 78M, EV 92.5 MPH)
Batting: RHB Trevor Mock 0-0: Fielders Choice at 2nd, 6-4 (Groundball, 6, EV 87.5 MPH)
Top of the 1st over - 0 runs, 1 hit, 0 errors, 1 left on base; Fresno 0 - Tacoma 0
BOTTOM OF THE 1ST
Tacoma Rainiers batting - Pitching for Fresno Grizzlies : RHP Jon Manwaring
Pitching: RHP Jon Manwaring
Batting: RHB Sean Peake 0-0: Called Strike
0-1: Called Strike
0-2: Ball
1-2: SINGLE (Groundball, 23, EV 63.8 MPH) (infield hit)
Batting: RHB Tatsunori Hayakawa 0-0: Ball
Sean Peake steals 2nd base (no throw)
1-0: Called Strike
1-1: Foul Ball, location: 2F
1-2: Foul Ball, location: 2F
1-2: Ball
2-2: Foul Ball, location: 2F
2-2: Ground out 5-3 (Groundball, 56, EV 108.1 MPH)
Batting: RHB Bill Vives 0-0: Called Strike
0-1: Fly out, F7 (Flyball, 78S, EV 88.1 MPH)
Batting: LHB Ryan Lowe 0-0: Foul Ball, location: 2F
0-1: Ball
1-1: Ball
2-1: Swinging Strike
2-2: Ball
3-2: Fly out, F5 (Flyball, 5D, EV 85.0 MPH)
Bottom of the 1st over - 0 runs, 1 hit, 0 errors, 1 left on base; Fresno 0 - Tacoma 0
TOP OF THE 2ND
Fresno Grizzlies batting - Pitching for Tacoma Rainiers : LHP Alex Villagran
Batting: LHB Sean Trueblood 0-0: Foul Ball, location: 2F
0-1: Swinging Strike
0-2: Ground out U3 (Groundball, 3, EV 80.6 MPH)
Batting: RHB Tom Carico 0-0: Ball
1-0: Called Strike
1-1: Foul Ball, location: 2F
1-2: Reached on error, E3 (Groundball, 3, EV 110.0 MPH)
Batting: LHB Anthony Howie 0-0: Ball
1-0: DOUBLE (Flyball, 89D, EV 105.6 MPH)
Tom Carico to third
Batting: LHB Alex Alicea 0-0: Ball
1-0: Called Strike
1-1: Swinging Strike
1-2: Foul Ball, location: 2F
1-2: Fly out, F6 (Popup, 6, EV 63.1 MPH)
Batting: RHB Joe Berkhahn 0-0: Called Strike
0-1: Swinging Strike
0-2: Foul Ball, location: 2F
0-2: Ball
1-2: Ball
2-2: Ball
3-2: DOUBLE (Groundball, 5L, EV 108.1 MPH)
Tom Carico scores
Anthony Howie scores
Batting: RHB Dave Glenn 0-0: Ball
1-0: Ball
2-0: Swinging Strike
2-1: Ball
3-1: Base on Balls
Batting: LHB Mike Davis 0-0: Swinging Strike
0-1: Swinging Strike
0-2: Fly out, F6 (Popup, 56, EV 77.5 MPH)
Top of the 2nd over - 2 runs, 2 hits, 1 error, 2 left on base; Fresno 2 - Tacoma 0
BOTTOM OF THE 2ND
Tacoma Rainiers batting - Pitching for Fresno Grizzlies : RHP Jon Manwaring
Batting: RHB Kevin Chafe 0-0: Ball
1-0: Swinging Strike
1-1: Ball
2-1: Called Strike
2-2: Foul Ball, location: 2F
2-2: Strikes out swinging
Batting: SHB Ismael Bello 0-0: Foul Ball, location: 2F
0-1: Foul Ball, location: 2F
0-2: Ball
1-2: Strikes out swinging
Batting: SHB Tony de Lara 0-0: Ball
1-0: Fly out, F7 (Flyball, 7LS, EV 80.0 MPH)
Bottom of the 2nd over - 0 runs, 0 hits, 0 errors, 0 left on base; Fresno 2 - Tacoma 0
TOP OF THE 3RD
Fresno Grizzlies batting - Pitching for Tacoma Rainiers : LHP Alex Villagran
Batting: SHB Troy Kenyon 0-0: Fly out, F9 (Flyball, 9LM, EV 85.6 MPH)
Batting: RHB Trevor Mock 0-0: Foul Ball, location: 2F
0-1: Fly out, F5 (Popup, 56S, EV 72.5 MPH)
Batting: LHB Sean Trueblood 0-0: Ball
1-0: Called Strike
1-1: Foul Ball, location: 2F
1-2: Ball
2-2: Foul Ball, location: 2F
2-2: Strikes out swinging
Top of the 3rd over - 0 runs, 0 hits, 0 errors, 0 left on base; Fresno 2 - Tacoma 0
BOTTOM OF THE 3RD
Tacoma Rainiers batting - Pitching for Fresno Grizzlies : RHP Jon Manwaring
Batting: RHB David Aguilar 0-0: Called Strike
0-1: Foul Ball, location: 2F
0-2: Strikes out looking
Batting: RHB Jim Begger 0-0: Ball
1-0: Fly out, F8 (Flyball, 8RM, EV 85.0 MPH)
Batting: RHB Sean Peake 0-0: Ball
1-0: SINGLE (Groundball, 6MD, EV 100.0 MPH)
Batting: RHB Tatsunori Hayakawa 0-0: Ball
Sean Peake steals 2nd base
1-0: Called Strike
1-1: Swinging Strike
1-2: Ball
2-2: Ball
3-2: Fly out, F9 (Flyball, 9S, EV 88.1 MPH)
Bottom of the 3rd over - 0 runs, 1 hit, 0 errors, 1 left on base; Fresno 2 - Tacoma 0
TOP OF THE 4TH
Fresno Grizzlies batting - Pitching for Tacoma Rainiers : LHP Alex Villagran
Batting: RHB Tom Carico 0-0: Ball
1-0: Called Strike
1-1: Ball
2-1: Swinging Strike
2-2: Foul Ball, location: 2F
2-2: Ground out 6-3 (Groundball, 6, EV 85.6 MPH)
Batting: LHB Anthony Howie 0-0: Ball
1-0: Swinging Strike
1-1: Called Strike
1-2: Foul Ball, location: 2F
1-2: Ball
2-2: Fly out, F9 (Flyball, 9LD, EV 100.6 MPH)
Batting: LHB Alex Alicea 0-0: Ball
1-0: Ball
2-0: Ball
3-0: Foul Ball, location: 2F
3-1: Fly out, F8 (Flyball, 8RD, EV 96.9 MPH)
Top of the 4th over - 0 runs, 0 hits, 0 errors, 0 left on base; Fresno 2 - Tacoma 0
BOTTOM OF THE 4TH
Tacoma Rainiers batting - Pitching for Fresno Grizzlies : RHP Jon Manwaring
Batting: RHB Bill Vives 0-0: Ball
1-0: Ball
2-0: Ground out 5-3 (Groundball, 5, EV 87.5 MPH)
Batting: LHB Ryan Lowe 0-0: Foul Ball, location: 2F
0-1: Ball
1-1: Fly out, F8 (Line Drive, 8RD, EV 97.5 MPH)
Batting: RHB Kevin Chafe 0-0: Called Strike
0-1: Called Strike
0-2: Ground out 6-3 (Groundball, 6, EV 97.5 MPH)
Bottom of the 4th over - 0 runs, 0 hits, 0 errors, 0 left on base; Fresno 2 - Tacoma 0
TOP OF THE 5TH
Fresno Grizzlies batting - Pitching for Tacoma Rainiers : LHP Alex Villagran
Batting: RHB Joe Berkhahn 0-0: SINGLE (Groundball, 6D, EV 103.8 MPH)
Batting: RHB Dave Glenn 0-0: Called Strike
0-1: Ball
1-1: Fly out, F7 (Flyball, 7LM, EV 92.5 MPH)
Batting: LHB Mike Davis 0-0: Ball
1-0: Fielders Choice at 2nd, 3-6 (Groundball, 13, EV 80.0 MPH)
Batting: SHB Troy Kenyon 0-0: Ball
1-0: Fly out, F9 (Flyball, 9S, EV 78.1 MPH)
Top of the 5th over - 0 runs, 1 hit, 0 errors, 1 left on base; Fresno 2 - Tacoma 0
BOTTOM OF THE 5TH
Tacoma Rainiers batting - Pitching for Fresno Grizzlies : RHP Jon Manwaring
Batting: SHB Ismael Bello 0-0: Ball
1-0: Ground out 1-3 (Groundball, 13, EV 71.9 MPH)
Batting: SHB Tony de Lara 0-0: Called Strike
0-1: Ball
1-1: Ground out U3 (Groundball, 3, EV 108.1 MPH)
Batting: RHB David Aguilar 0-0: Called Strike
0-1: Called Strike
0-2: Ball
1-2: SINGLE (Line Drive, 8LS, EV 88.1 MPH)
Batting: RHB Jim Begger 0-0: Ball
1-0: Called Strike
1-1: Ball
2-1: Ground out 5-3 (Groundball, 56S, EV 81.2 MPH)
Bottom of the 5th over - 0 runs, 1 hit, 0 errors, 1 left on base; Fresno 2 - Tacoma 0
TOP OF THE 6TH
Fresno Grizzlies batting - Pitching for Tacoma Rainiers : LHP Alex Villagran
Batting: RHB Trevor Mock 0-0: Foul Ball, location: 2F
0-1: Foul Ball, location: 2F
0-2: Ball
1-2: Ball
2-2: SINGLE (Groundball, 56D, EV 96.2 MPH)
Batting: LHB Sean Trueblood 0-0: Ball
1-0: Ball
2-0: SINGLE (Groundball, 4MD, EV 101.2 MPH)
Trevor Mock to second
Runner from 2nd tries for 3rd, SAFE, throw by CF made at trailing runner, OUT! 8-6
Batting: RHB Tom Carico 0-0: Intentional Walk
Batting: LHB Anthony Howie 0-0: Reached on error, E6 (Groundball, 6, EV 103.1 MPH)
Trevor Mock scores
Tom Carico to second
Batting: LHB Alex Alicea 0-0: Ball
1-0: Ball
2-0: Ball
3-0: Called Strike
3-1: SINGLE (Groundball, 34D, EV 105.0 MPH)
Tom Carico to third
Anthony Howie to second
Runner from 3rd tries for Home, SAFE, throw by RF to home
Batting: RHB Joe Berkhahn 0-0: Called Strike
0-1: Foul Ball, location: 2F
0-2: Strikes out swinging
Batting: RHB Dave Glenn 0-0: Foul Ball, location: 2F
0-1: SINGLE (Flyball, 6D, EV 88.1 MPH)
Anthony Howie to third
Alex Alicea to second
Runner from 3rd tries for Home, SAFE, throw by LF to home
Pitching: RHP Michito Ito
Batting: LHB Mike Davis 0-0: Swinging Strike
0-1: Called Strike
0-2: Ball
1-2: Foul Ball, location: 2F
1-2: Strikes out swinging
Top of the 6th over - 3 runs, 4 hits, 1 error, 2 left on base; Fresno 5 - Tacoma 0
BOTTOM OF THE 6TH
Tacoma Rainiers batting - Pitching for Fresno Grizzlies : RHP Jon Manwaring
Batting: RHB Sean Peake 0-0: Ball
1-0: Swinging Strike
1-1: Ball
2-1: Foul Ball, location: 2F
2-2: SINGLE (Flyball, 4D, EV 90.0 MPH)
Batting: RHB Tatsunori Hayakawa 0-0: Ball
1-0: Ball
Sean Peake steals 2nd base
2-0: Ball
3-0: Base on Balls
Batting: RHB Bill Vives 0-0: Called Strike
0-1: Grounds into double play, 6-4-3 (Groundball, 6, EV 105.0 MPH)
Sean Peake to third
Batting: LHB Ryan Lowe 0-0: Ball
1-0: Called Strike
1-1: Ground out U3 (Groundball, 34S, EV 81.2 MPH)
Bottom of the 6th over - 0 runs, 1 hit, 0 errors, 1 left on base; Fresno 5 - Tacoma 0
TOP OF THE 7TH
Fresno Grizzlies batting - Pitching for Tacoma Rainiers : RHP Michito Ito
Batting: SHB Troy Kenyon 0-0: Called Strike
0-1: Ground out U3 (Groundball, 13, EV 83.1 MPH)
Batting: RHB Trevor Mock 0-0: Called Strike
0-1: Ball
1-1: Swinging Strike
1-2: Strikes out swinging
Batting: LHB Sean Trueblood 0-0: DOUBLE (Flyball, 8LXD, EV 111.2 MPH)
Batting: RHB Tom Carico 0-0: Hit by Pitch
Batting: LHB Anthony Howie 0-0: Ball
1-0: Fly out, F7 (Flyball, 78D, EV 103.1 MPH)
Top of the 7th over - 0 runs, 1 hit, 0 errors, 2 left on base; Fresno 5 - Tacoma 0
BOTTOM OF THE 7TH
Tacoma Rainiers batting - Pitching for Fresno Grizzlies : RHP Jon Manwaring
Batting: RHB Kevin Chafe 0-0: Ball
1-0: Foul Ball, location: 2F
1-1: Swinging Strike
1-2: Ground out 6-3 (Groundball, 56, EV 105.0 MPH)
Batting: SHB Ismael Bello 0-0: SINGLE (Groundball, 4MD, EV 96.9 MPH)
Batting: SHB Tony de Lara 0-0: Ball
1-0: Ball
2-0: Called Strike
2-1: Ball
3-1: Foul Ball, location: 2F
3-2: Fly out, F7 (Flyball, 7, EV 80.6 MPH)
Batting: RHB David Aguilar 0-0: Ball
Ismael Bello steals 2nd base
1-0: Ball
2-0: Foul Ball, location: 2F
2-1: SINGLE (Line Drive, 9S, EV 111.2 MPH)
Ismael Bello to third
Runner from 3rd tries for Home, SAFE, throw by RF to home
Batting: RHB Jim Begger 0-0: Ball
David Aguilar steals 2nd base
1-0: Called Strike
1-1: Fly out, F1 (Line Drive, P, EV 64.4 MPH)
Bottom of the 7th over - 1 run, 2 hits, 0 errors, 1 left on base; Fresno 5 - Tacoma 1
TOP OF THE 8TH
Fresno Grizzlies batting - Pitching for Tacoma Rainiers : RHP Michito Ito
Batting: LHB Alex Alicea 0-0: Ball
1-0: Called Strike
1-1: Ball
2-1: Foul Ball, location: 2F
2-2: Strikes out swinging
Batting: RHB Joe Berkhahn 0-0: Called Strike
0-1: Called Strike
0-2: Strikes out swinging
Batting: RHB Dave Glenn 0-0: Called Strike
0-1: Foul Ball, location: 2F
0-2: Ground out 4-3 (Groundball, 4M, EV 103.1 MPH)
Top of the 8th over - 0 runs, 0 hits, 0 errors, 0 left on base; Fresno 5 - Tacoma 1
BOTTOM OF THE 8TH
Tacoma Rainiers batting - Pitching for Fresno Grizzlies : RHP Jon Manwaring
Batting: RHB Sean Peake 0-0: Ball
1-0: DOUBLE (Flyball, 89XD, EV 111.2 MPH)
Pitching: RHP Willie Jimenez
Batting: RHB Tatsunori Hayakawa 0-0: Ball
1-0: Foul Ball, location: 2F
1-1: Ball
2-1: Foul Ball, location: 2F
2-2: Foul Ball, location: 2F
2-2: Foul Ball, location: 2F
2-2: Ball
3-2: Strikes out swinging
Batting: RHB Bill Vives 0-0: Ball
1-0: Ball
2-0: Ball
3-0: Called Strike
3-1: Foul Ball, location: 2F
3-2: Base on Balls
Batting: LHB Ryan Lowe 0-0: Grounds into double play, 5-4-3 (Groundball, 56, EV 80.0 MPH)
Bottom of the 8th over - 0 runs, 1 hit, 0 errors, 1 left on base; Fresno 5 - Tacoma 1
TOP OF THE 9TH
Fresno Grizzlies batting - Pitching for Tacoma Rainiers : RHP Michito Ito
Batting: LHB Mike Davis 0-0: Foul Ball, location: 2F
0-1: Ball
1-1: Called Strike
1-2: Ground out 6-3 (Groundball, 56, EV 106.9 MPH)
Batting: SHB Troy Kenyon 0-0: Ball
1-0: Ball
2-0: Ball
3-0: Base on Balls
Batting: RHB Trevor Mock 0-0: Ball
1-0: Foul Ball, location: 2F
1-1: Swinging Strike
1-2: Ball
2-2: Foul Ball, location: 2F
2-2: Strikes out looking
Batting: LHB Sean Trueblood 0-0: Ground out 4-3 (Groundball, 4M, EV 82.5 MPH)
Top of the 9th over - 0 runs, 0 hits, 0 errors, 1 left on base; Fresno 5 - Tacoma 1
BOTTOM OF THE 9TH
Tacoma Rainiers batting - Pitching for Fresno Grizzlies : RHP Willie Jimenez
Batting: RHB Kevin Chafe 0-0: Ball
1-0: Ball
2-0: Ball
3-0: Base on Balls
Batting: SHB Ismael Bello 0-0: Fly out, F5 (Popup, 6, EV 72.5 MPH)
Batting: SHB Tony de Lara 0-0: Called Strike
0-1: SINGLE (Line Drive, 56, EV 100.0 MPH)
Kevin Chafe to second
Pitching: RHP Jose Guajardo
Batting: RHB David Aguilar 0-0: Fly out, F7 (Flyball, 7, EV 83.8 MPH)
Pinch Hitting: LHB Caleb Domino 0-0: Foul Ball, location: 2F
0-1: Swinging Strike
0-2: Ball
1-2: Ball
2-2: Fly out, F8 (Flyball, 8LXD, EV 104.4 MPH)
Bottom of the 9th over - 0 runs, 1 hit, 0 errors, 2 left on base; Fresno 5 - Tacoma 1
Thursday, March 31st , 2022 - OOTP Baseball 22.12 Build 89